 Dungeon Crawl Stone Soup version 0.30-a0-40-gc6d0f036a7 (webtiles) character file.

Game seed: 14567590889204973401

142 ytrimaz the Insei (level 5, -7/33 HPs)
             Began as an Octopode Transmuter on Aug 29, 2022.
             Mangled by Terence
             ... wielding a +0 mace of protection
              (8 damage)
             ... on level 2 of the Dungeon.
             The game lasted 00:01:43 (2775 turns).

ytrimaz the Insei (Octopode Transmuter)             Turns: 2775, Time: 00:01:44

Health: -7/33      AC:  2    Str: 10    XL:     5   Next: 25%
Magic:  0/8        EV: 19    Int: 17    God:
Gold:   35         SH:  0    Dex: 17    Spells: 3/9 levels left

rFire   . . .      SeeInvis .      - Unarmed
rCold   . . .      Faith    .    (shield currently unavailable)
rNeg    . . .      Spirit   +    (helmet currently unavailable)
rPois   x          Reflect  .    b - amulet of guardian spirit
rElec   .          Harm     .    (no ring)
rCorr   .          Rampage  .    (no ring)
Will    .....                    (no ring)
Stlth   ++........               (no ring)
HPRegen 0.11/turn                (no ring)
MPRegen 0.11/turn                (no ring)
                                 (no ring)
                                 (no ring)

@: spider-form (expiring)
A: venomous fangs, almost no armour, (amphibious), 8 rings, tiny, (camouflage
1), (gelatinous body 1), (nimble swimmer 1), (tentacles)
a: End Transformation


You were on level 2 of the Dungeon.
You were a venomous arachnid creature.
You visited 1 branch of the dungeon, and saw 2 of its levels.

You collected 35 gold pieces.

Inventory:

Jewellery
 b - an amulet of guardian spirit (around neck)
Scrolls
 a - a scroll of blinking {unknown}
 g - a scroll of teleportation {unknown}
 h - a scroll of noise {unknown}
 i - a scroll of identify
Potions
 c - a potion of might
 d - 2 potions of magic
 e - a potion of curing {unknown}
 f - a potion of resistance {unknown}


   Skills:
 - Level 1.0 Fighting
 - Level 2.0 Dodging
 - Level 4.2 Unarmed Combat
 + Level 2.6 Spellcasting
 + Level 2.7 Transmutations
 * Level 3.0 Poison Magic


You had 3 spell levels left.
You knew the following spells:

 Your Spells              Type           Power      Damage    Failure   Level
a - Beastly Appendage     Tmut           22%        N/A       17%         1
b - Wereblood             Tmut           11%        N/A       22%         2
c - Spider Form           Tmut/Pois      11%        N/A       36%         3

Your spell library contained the following spells:

 Spells                   Type           Power      Damage    Failure   Level
 Shock                    Conj/Air       8%         1d3       38%         1
 Swiftness                Air            2%         N/A       71%         3
 Ice Form                 Ice/Tmut       6%         N/A       87%         4
 Airstrike                Air            1%         2d(1-17)  96%         4


Dungeon Overview and Level Annotations

Branches:
Dungeon (2/15)

Altars:

Annotations:
D:2 Natasha, Terence


Innate Abilities, Weirdness & Mutations

You are a venomous arachnid creature.
You have poisonous fangs.
You are tiny and dextrous.
Your spellcasting is less reliable in this form.
Your armour is entirely melded.
You are incapable of wielding weapons or throwing items.
You cannot wear most types of armour.
((You are amphibious.))
You can wear up to eight rings at the same time.
((Your skin changes colour to match your surroundings (Stealth+).))
((Your rubbery body absorbs attacks. (AC +1, EV +1)))
((You are camouflaged when in or above water. (Stealth+)))
((You have tentacles for arms and can constrict up to eight enemies at once.))


Message History

The endoplasm barely misses you.
Natasha, Servant of Life and Death comes into view.
Natasha hisses angrily.
You hit Terence but do no damage.
Terence is poisoned.
Terence is moderately wounded.
Terence completely misses you.
The endoplasm hits you but does no damage.
You hit Terence but do no damage.
Terence is moderately wounded.
Terence misses you. The endoplasm closely misses you.
Natasha casts a spell.
Unknown command.
You hit Terence but do no damage.
Terence is moderately wounded.
Terence zaps a wand.
The puff of flame misses you. The endoplasm barely misses you.
You hit Terence.
Terence is heavily wounded.
Your transformation is almost over.
Terence drinks a potion.
Terence is healed!
The endoplasm freezes you.
You are frozen.
You barely miss Terence. The endoplasm freezes you.
You are frozen.
Terence hits you with a +0 mace of protection!
Unknown command.
You barely miss Terence.
Terence is lightly wounded.
Natasha completely misses you. The endoplasm closely misses you.
Terence zaps a wand.
The puff of flame hits you!
* * * LOW HITPOINT WARNING * * *
You hit Terence but do no damage.
Terence looks even sicker.
Terence is lightly wounded.
The crimson imp blinks!
Natasha claws you.
* * * LOW HITPOINT WARNING * * *
The endoplasm closely misses you.
Terence says, "Rest in peace."
Terence hits you with a +0 mace of protection!
You die...

###.##..###.######.##.# #.#
###.#..##.#######.##.####.##
#.#.##.##.##....#.##.......#
##.##.#.#.###....#.#######..#
##..#.###.# #....#.# ###...#
.#..##.#.##.#....#.####...#.#
.#...#...##........#........#
.....##+##.......###....#########
####.#...#......s##..............
###...#.....h@J....########...
#[8.#.......§.....#.........
#.⌠.#...#.........#.#####...
#.8.###...........#.....#.).
#...# ###..>#####.#.....#...
#...# #.#.. #......... ##'##
#.### #........# #...# #.........


You could see Terence (very poisoned), Natasha and an endoplasm.

Vanquished Creatures
  Jessica (D:2)
  Natasha (twice) (D:2)
  A gnoll (D:1)
  2 adders (D:2)
  A worm (D:2)
  A dart slug (D:1)
  2 bats (D:1)
  4 endoplasms
  5 giant cockroaches
  4 hobgoblins
  2 quokkas (D:1)
  2 ball pythons (D:1)
  2 frilled lizards (D:2)
  3 goblins
  3 kobolds
  2 rats (D:1)
37 creatures vanquished.

Vanquished Creatures (others)
  3 plants (D:1)
3 creatures vanquished.

Grand Total: 40 creatures vanquished

Notes
Turn   | Place    | Note
-------+----------+-------------------------------------------
     0 | D:1      | ytrimaz the Octopode Transmuter began the quest for the
                  | Orb.
     0 | D:1      | Reached XP level 1. HP: 13/13 MP: 3/3
   413 | D:1      | Found a faded altar of an unknown god.
   429 | D:1      | Reached XP level 2. HP: 11/18 MP: 1/5
  1084 | D:1      | HP: 1/27 [gnoll/+0 spear (2)]
  1085 | D:1      | Reached skill level 4 in Unarmed Combat
  1088 | D:1      | Reached XP level 3. HP: 2/23 MP: 1/6
  1433 | D:1      | Learned a level 2 spell: Wereblood
  1437 | D:1      | Learned a level 3 spell: Spider Form
  1896 | D:2      | Reached skill level 1 in Poison Magic
  2213 | D:2      | Noticed Natasha
  2222 | D:2      | Killed Natasha
  2223 | D:2      | Reached XP level 4. HP: 23/28 MP: 2/7
  2358 | D:2      | Noticed Jessica
  2361 | D:2      | Killed Jessica
  2554 | D:2      | Reached XP level 5. HP: 25/33 MP: 5/8
  2717 | D:2      | Noticed Natasha
  2721 | D:2      | Killed Natasha
  2760 | D:2      | Noticed Terence
  2768 | D:2      | Noticed Natasha
  2775 | D:2      | HP: 1/33 [Natasha (3)]
  2775 | D:2      | Mangled by Terence

Illustrated notes

Levels and vault maps discovered:
D:1:      minmay_arrival_split_and_join, layout_basic, basic_ecumenical_altar,
          nicolae_grassy_gnolls
D:2:      layout_basic, corexii_corridor_pit, grunt_decor_clamped, uniq_natasha,
          uniq_terence, uniq_jessica

Skill      XL: |  1  2  3  4  5 |
---------------+----------------+-----
Unarmed Combat | 4 |  4.2
Poison Magic   | 1 2 3 |  3.0
Fighting       | |  1.0
Dodging        | |  2.0
Spellcasting   | |  2.6
Transmutations | |  2.7

Action                   |  1- 3 |  4- 6 || total
-------------------------+-------+-------++-------
Melee: Unarmed           |    56 |    35 ||    91
       Constrict         |    16 |     2 ||    18
       Kick              |    11 |     1 ||    12
       Tentacles         |    11 |     3 ||    14
       Punch             |     5 |       ||     5
 Cast: Beastly Appendage |    17 |     3 ||    20
       Spider Form       |     1 |     3 ||     4
  Use: Scroll            |     3 |       ||     3
       Potion            |     2 |       ||     2
 Stab: Sleeping          |     4 |       ||     4
Armor: Skin              |     8 |     2 ||    10
Dodge: Dodged            |    43 |    35 ||    78

Table legend: (Time is in decaauts)
 A = Elapsed time spent in this place.
 B = Non-inter-level travel time spent in this place.
 C = Inter-level travel time spent in this place.
 D = Time resting spent in this place.
 E = Time spent auto-exploring this place.
 F = Levels seen in this place.
 G = Mean time per level.
                   A        B        C        D        E       F      G
               +--------+--------+--------+--------+--------+-----+--------+
         Total |   2775 |   2762 |     13 |      0 |   2408 |   2 | 1387.5 |
       Dungeon |   2775 |   2762 |     13 |      0 |   2408 |   2 | 1387.5 |
               +--------+--------+--------+--------+--------+-----+--------+

Top non-repeatable levels by time:
     D:1: 1650 daAuts
     D:2: 1124 daAuts
